 Dungeon Crawl Stone Soup version 0.24-a0-416-g56ce5178b7 (webtiles) character file.

Game seed: 18434383583986886754

190 Amnesiac the Ruffian (level 5, 0/41 HPs)
             Began as a Mummy Monk on June 8, 2019.
             Killed by divine providence
             ... invoked by an orc priest
              (12 damage)
             ... on level 6 of the Dungeon.
             The game lasted 00:07:44 (2347 turns).

Amnesiac the Ruffian (Mummy Monk)                   Turns: 2347, Time: 00:07:45

Health: 0/41       AC:  7    Str: 15    XL:     5   Next: 41%
Magic:  5/5        EV: 11    Int: 10    God:
Gold:   69         SH:  0    Dex: 14    Spells: 4/4 levels left

rFire    . . .     SeeInvis .     - Unarmed
rCold    . . .     Gourm    .   (no shield)
rNeg     + + +     Faith    .   d - +1 ring mail (curse)
rPois    ∞         Spirit   .   (no helmet)
rElec    .         Reflect  .   a - +0 cloak
rCorr    .         Harm     .   (no gloves)
MR       .....                  (no boots)
Stlth    +.........             (no amulet)
HPRegen  0.13/turn              b - ring of fire
MPRegen  0.09/turn              (no ring)

@: no status effects
A: no food or potions, fire vulnerability, cold resistance 1, negative energy
resistance 3, torment resistance, unbreathing
a: no special abilities


You were on level 6 of the Dungeon.
You were not hungry.

You visited 1 branch of the dungeon, and saw 6 of its levels.

You collected 69 gold pieces.

Inventory:

Armour
 a - a +0 cloak (worn)
 d - a cursed +1 ring mail (worn)
Jewellery
 b - a ring of fire (left hand)
Wands
 i - a wand of polymorph (9)
Scrolls
 c - a scroll of enchant armour {!r}
 e - a scroll of enchant weapon {!r}
 f - a scroll of immolation {!r}
 g - a scroll of amnesia {!r}
 h - a scroll of identify {!r}


   Skills:
 + Level 3.0 Fighting
 - Level 2.4 Dodging
 - Level 1.5 Stealth
 * Level 5.1 Unarmed Combat


You had 4 spell levels left.
You didn't know any spells.
Your spell library was empty.

Dungeon Overview and Level Annotations

Branches:
Dungeon (6/15)
 Temple: D:4-7

Altars:
Ashenzari
Elyvilon
Fedhas
Nemelex Xobeh
Xom
Yredelemnul
Zin
The Shining One

Annotations:
D:5 exclusion: orc, Edmund, Ijyb


Innate Abilities, Weirdness & Mutations

You do not eat or drink.
Your flesh is vulnerable to fire.
You are immune to poison.
Your flesh is cold resistant. (rC+)
You are immune to negative energy. (rN+++)
You are immune to unholy pain and torment.
You can survive without breathing.


Message History

Ijyb screams, "Me very upset!"
Ijyb screams, "Die!"
The orc closely misses you.
Your magical contamination has completely faded away.
There is a stone staircase leading up here.
Unknown command.
Unknown command.
Found a stone staircase leading down.
Ijyb screams, "I dance on your bones!"
Found a dagger.
There is a stone staircase leading down here.
The orc barely misses you.
You climb downwards.
Found a curved wooden wand.
Found a stone staircase leading up.
There is a stone staircase leading up here.
You hit the orc.
The orc is heavily wounded.
You closely miss the orc.
The orc is heavily wounded.
The orc misses you.
You hit the orc.
The orc is severely wounded.
The orc hits you but does no damage.
You punch the orc!
You kill the orc!
Things that are here:
a +0 club; a cursed -1 scale mail You start resting.
The orc wizard is too close now for your liking.
The orc wizard shouts!
You hear a shout!
Found a scroll of enchant weapon.
Found 20 stones and a small ruby ring.
You see here a wand of polymorph (10).
i - a wand of polymorph (10)
The orc wizard gestures wildly while chanting.
The orc wizard flickers and vanishes!
Deactivating autopickup; reactivate with Ctrl-A.
A shadow imp comes into view.
You see here 20 stones.
Evoke which item? (* to show all) (? for menu, Esc to quit)
Aiming: Polymorph
Press: ? - help, Shift-Dir - straight line A centaur appears out of thin air!
Reactivating autopickup.
The centaur picks up a +0 dagger.
The centaur wields a +0 dagger.
Unknown command.
The centaur misses you. The centaur hits you with a +0 dagger.
* * * LOW HITPOINT WARNING * * *
You can't drink.
Okay, then.
The shadow imp closely misses you.
Found 18 stones.
The centaur barely misses you. The centaur hits you with a +0 dagger.
* * * LOW HITPOINT WARNING * * *
The centaur hits you with a +0 dagger.
* * * LOW HITPOINT WARNING * * *
The centaur misses you. The centaur hits you with a +0 dagger!
* * * LOW HITPOINT WARNING * * *
The centaur closely misses you.
The orc priest calls down the wrath of Beogh upon you.
Beogh smites you!
You die...

#.....5........##
#...#...........#
#...#...........#
#.o.#...o.......#
#r..#...........#
#.5##....(....###
#..###.....##[.#
##c.#
#########.##
#.@.# #..## #...#
####.... #<$.#
#....... #..##
......... #..#
.......... #..#
.......... #...
...?...... ....o
.......... .....
.........


You could see a centaur, an orc priest, a shadow imp and a quokka (wandering).

Vanquished Creatures
  A bullfrog zombie (D:5)
  A centaur skeleton (D:5)
  Natasha (D:4)
  2 hound skeletons
  4 adders
  2 worms
  A dart slug (D:1)
  5 orcs
  A ball python (D:3)
  3 goblins
  4 hobgoblins
  4 jackals
  2 bats (D:2)
  2 frilled lizards
  A jackal skeleton (D:5)
  2 rats
36 creatures vanquished.

Vanquished Creatures (others)
  A quokka (D:5)
1 creature vanquished.

Grand Total: 37 creatures vanquished

Notes
Turn   | Place    | Note
-------+----------+-------------------------------------------
     0 | D:1      | Amnesiac the Mummy Monk began the quest for the Orb.
     0 | D:1      | Reached XP level 1. HP: 18/18 MP: 1/1
   409 | D:2      | Found a glowing silver altar of Zin.
   432 | D:2      | Reached XP level 2. HP: 24/24 MP: 2/2
   452 | D:2      | Reached skill level 3 in Unarmed Combat
   744 | D:3      | Reached XP level 3. HP: 23/29 MP: 3/3
   779 | D:3      | Found a shimmering altar of Xom.
   781 | D:3      | Found a shattered altar of Ashenzari.
  1254 | D:3      | Found a blossoming altar of Fedhas.
  1254 | D:3      | Found a basalt altar of Yredelemnul.
  1286 | D:4      | Reached skill level 4 in Unarmed Combat
  1292 | D:4      | Reached XP level 4. HP: 33/35 MP: 4/4
  1597 | D:4      | Noticed Natasha
  1607 | D:4      | Killed Natasha
  1689 | D:5      | Entered Level 5 of the Dungeon
  1770 | D:5      | Noticed a sky beast
  1799 | D:5      | Reached XP level 5. HP: 34/41 MP: 5/5
  1805 | D:5      | Found a white marble altar of Elyvilon.
  1806 | D:5      | Noticed Ijyb
  1854 | D:5      | Reached skill level 5 in Unarmed Combat
  2017 | D:5      | Noticed Edmund
  2019 | D:5      | Found a sparkling altar of Nemelex Xobeh.
  2065 | D:5      | Found a glowing golden altar of the Shining One.
  2140 | D:5      | Noticed a phantom
  2148 | D:5      | Noticed an ogre
  2330 | D:6      | Noticed a centaur
  2347 | D:6      | Killed from afar by an orc priest

Levels and vault maps discovered:
D:1:      dpeg_arrival_ratfight, layout_basic
D:2:      layout_basic, first_ration, minmay_crystal_water,
          lemuel_altar_in_water, uniq_sigmund, uniq_crazy_yiuf_cottage
D:3:      layout_basic, nicolae_overflow_hidden_temple, portal_sewer_entry_a
D:4:      layout_basic, serial_bayou_pond_e, kennysheep_small_square,
          uniq_natasha
D:5:      layout_loops_ring, kennysheep_mini, lemuel_round_altar,
          elyvilon_altar_4, uniq_edmund, uniq_ijyb
D:6:      layout_cave_pods, lemuel_temple_firewalk_b

Skill      XL: |  1  2  3  4  5 |
---------------+----------------+-----
Unarmed Combat | 3 4 5 |  5.1
Fighting       | |  3.0
Dodging        | |  2.4
Stealth        | |  1.5

Action                   |  1- 3 |  4- 6 || total
-------------------------+-------+-------++-------
Melee: Unarmed           |   117 |    96 ||   213
       Punch             |     2 |     3 ||     5
Evoke: Wand              |       |     1 ||     1
  Use: Scroll            |     5 |     3 ||     8
 Stab: Sleeping          |       |     1 ||     1
Armor: Ring mail         |    29 |    53 ||    82
       Robe              |     2 |       ||     2
Dodge: Dodged            |    45 |   100 ||   145

Table legend:
 A = Non-vault XP
 B = Vault XP
 C = Vault XP percentage of total XP
 D = Non-vault monster count
 E = Vault monster count
 F = Vault count percentage of total count
                 A         B        C        D         E       F
            +---------+---------+-------+---------+---------+-------
      Total |     208 |      64 |  23.5 |      32 |       4 |  11.1
            +---------+---------+-------+---------+---------+-------
        D:1 |      10 |       0 |   0.0 |       5 |       0 |   0.0
        D:2 |      10 |       0 |   0.0 |       6 |       0 |   0.0
        D:3 |      42 |       0 |   0.0 |       9 |       0 |   0.0
        D:4 |      23 |      64 |  73.6 |       2 |       4 |  66.7
        D:5 |     120 |       0 |   0.0 |       9 |       0 |   0.0
        D:6 |       3 |       0 |   0.0 |       1 |       0 |   0.0
            +---------+---------+-------+---------+---------+-------
